 Dungeon Crawl Stone Soup version 0.29.1-1-gd02db6906a (webtiles) character file.

Game seed: 11296137194752495837

114 masschaos23 the Trooper (level 4, 0/41 HPs)
             Began as a Hill Orc Fighter on Sept 18, 2022.
             Was an Initiate of Beogh.
             Slain by a gnoll
             ... wielding a +0 whip
              (5 damage)
             ... on level 4 of the Dungeon.
             The game lasted 00:03:12 (2748 turns).

masschaos23 the Trooper (Hill Orc Fighter)          Turns: 2748, Time: 00:03:13

Health: 0/41       AC:  8    Str: 20    XL:     4   Next: 98%
Magic:  4/4        EV: 10    Int:  8    God:    Beogh [......]
Gold:   211        SH:  4    Dex: 10    Spells: 3/3 levels left

rFire   . . .      SeeInvis .   a - +0 war axe
rCold   . . .      Faith    .   c - +0 buckler
rNeg    . . .      Spirit   .   n - +3 ring mail
rPois   .          Reflect  .   (no helmet)
rElec   .          Harm     .   (no cloak)
rCorr   .          Rampage  .   (no gloves)
Will    .....                   (no boots)
Stlth   ..........              (no amulet)
HPRegen 0.13/turn               (no ring)
MPRegen 0.09/turn               (no ring)

@: mighty
A: no striking features
a: Renounce Religion


You were on level 4 of the Dungeon.
You worshipped Beogh.
Beogh was noncommittal.
You visited 1 branch of the dungeon, and saw 4 of its levels.

You collected 211 gold pieces.

Inventory:

Hand Weapons
 a - a +0 war axe (weapon)
Armour
 b - a +0 scale mail
 c - a +0 buckler (worn)
 n - a +3 ring mail (worn)
Jewellery
 p - a ring of magical power
Scrolls
 e - 4 scrolls of teleportation {unknown}
 h - a scroll of vulnerability {unknown}
 i - 3 scrolls of identify {unknown}
 k - a scroll of magic mapping {unknown}
 m - a scroll of enchant weapon {unknown}
 q - a scroll of brand weapon {unknown}
 r - a scroll of fear {unknown}
 s - a scroll of poison {unknown}
Potions
 d - a potion of might
 f - a potion of curing {unknown}
 g - a potion of invisibility {unknown}
 j - a potion of magic {unknown}
 l - a potion of heal wounds {unknown}
 o - a potion of brilliance {unknown}


   Skills:
 + Level 4.5 Fighting
 + Level 4.0 Axes
 + Level 4.1 Armour
 + Level 4.1 Shields


You had 3 spell levels left.
You didn't know any spells.
Your spell library was empty.

Dungeon Overview and Level Annotations

Branches:
Dungeon (4/15)
 Temple: D:4-7

Altars:
Cheibriados
Hepliaklqana
Makhleb
Qazlal
Ru
Sif Muna
Yredelemnul

Shops:
D:1 [

Annotations:
D:2 1 runed translucent door, Crazy Yiuf


Message History

You kill the gnoll!
Beogh accepts your kill.
You closely miss the orc.
A gnoll comes into view. It is wielding a +0 whip.
The orc hits you but does no damage.
You barely miss the gnoll. You slash the orc!
You kill the orc!
Beogh accepts your kill. The gnoll hits you with a +0 flail.
* * * LOW HITPOINT WARNING * * *
You slash the gnoll!
You kill the gnoll!
Beogh accepts your kill.
The endoplasm hits you but does no damage.
The gnoll hits you but does no damage.
You hit the endoplasm.
The endoplasm is severely wounded.
The endoplasm freezes you.
You are frozen.
* * * LOW HITPOINT WARNING * * *
The gnoll hits you from afar with a +0 spear.
* * * LOW HITPOINT WARNING * * *
The endoplasm closely misses you. You block the gnoll's attack.
Things that are here:
a +0 hand axe; a +0 leather armour You barely miss the gnoll.
You slash the gnoll! You slash the endoplasm!
You kill the endoplasm!
Beogh accepts your kill. The gnoll misses you. The gnoll closely misses you.
Your Axes skill increases to level 4!
You hit the gnoll.
The gnoll is moderately wounded.
You barely miss the gnoll. The gnoll hits you but does no damage.
The gnoll barely misses you. The gnoll hits you with a +0 spear.
* * * LOW HITPOINT WARNING * * *
The gnoll barely misses you.
You completely miss the gnoll.
The gnoll is moderately wounded.
You closely miss the gnoll. The gnoll hits you with a +0 whip.
You die...

...................
....................
....................
....................
....................
....................
....................
......g))........)..
......g@............
....................
....................
....................
....................
....................
....................
..!..................
.................


You could see 2 gnolls.

Vanquished Creatures
  An orc priest (D:4)
  2 gnolls (D:4)
  An adder (D:2)
  3 worms (D:2)
  2 dart slugs (D:1)
  2 orcs
  5 endoplasms
  A giant cockroach (D:1)
  6 goblins
  2 hobgoblins
  A quokka (D:2)
  7 ball pythons
  2 bats
  2 frilled lizards
  4 kobolds
  4 rats (D:2)
45 creatures vanquished.

Vanquished Creatures (others)
  An orc (D:4)
1 creature vanquished.

Grand Total: 46 creatures vanquished

Notes
Turn   | Place    | Note
-------+----------+-------------------------------------------
     0 | D:1      | masschaos23 the Hill Orc Fighter began the quest for the
                  | Orb.
     0 | D:1      | Reached XP level 1. HP: 19/19 MP: 1/1
    95 | D:1      | Found Vaext's Antique Armour Shoppe.
   187 | D:1      | Reached XP level 2. HP: 24/27 MP: 2/2
   535 | D:1      | Found a faded altar of an unknown god.
   636 | D:1      | You fall into a shaft and drop 1 floor!
   642 | D:2      | Found a runed translucent door.
   643 | D:2      | Noticed Crazy Yiuf
   828 | D:2      | Reached XP level 3. HP: 33/33 MP: 3/3
  2157 | D:3      | Found a basalt altar of Yredelemnul.
  2163 | D:3      | Found a shimmering blue altar of Sif Muna.
  2163 | D:3      | Found a burning altar of Makhleb.
  2173 | D:3      | Found a snail-covered altar of Cheibriados.
  2173 | D:3      | Found a sacrificial altar of Ru.
  2222 | D:3      | Found a stormy altar of Qazlal.
  2279 | D:3      | Reached XP level 4. HP: 36/40 MP: 4/4
  2662 | D:4      | Found a hazy altar of Hepliaklqana.
  2725 | D:4      | Became a worshipper of Beogh the Brigand
  2748 | D:4      | Slain by a gnoll

Illustrated notes

Levels and vault maps discovered:
D:1:      dpeg_arrival_simpleton_c, layout_rooms, ebering_ecumenical_altar_hall,
          serial_shops, nicolae_shop_statue_plus
D:2:      layout_basic, serial_glass, glass_columns_a, glass_columns_c,
          glass_columns_b, glass_columns_b, glass_columns_a, glass_columns_a,
          glass_columns_a, glass_columns_a, glass_columns_b, glass_columns_b,
          glass_columns_a, glass_columns_a, glass_columns_a, glass_columns_a,
          due_unseen_surprise, uniq_crazy_yiuf_cottage
D:3:      layout_basic, minmay_overflow_temple_star_hex, lemuel_tele_altar
D:4:      layout_layer_cave, mainiacjoe_overflow_paths, st_stairs_6,
          uniq_edmund, uniq_robin

Skill      XL: |  1  2  3  4 |
---------------+-------------+-----
Axes           | 3 4 |  4.0
Fighting       | 4 |  4.5
Armour         | 4 |  4.1
Shields        | 4 |  4.1

Action                   |  1- 3 |  4- 6 || total
-------------------------+-------+-------++-------
Melee: War axe           |    99 |    15 ||   114
Invok: Convert to Beogh  |       |     1 ||     1
  Use: Potion            |       |     1 ||     1
Armor: Scale mail        |    42 |       ||    42
       Ring mail         |       |     5 ||     5
Dodge: Dodged            |    53 |    12 ||    65
Block: Buckler           |    15 |     2 ||    17
